 Dungeon Crawl Stone Soup version 0.30.0-29-ga12c61a403 (webtiles) character file.

Game seed: 5180366073162326951

93 qw the Chopper (level 4, 0/28 HPs)
             Began as a Gargoyle Fighter on June 3, 2023.
             Slain by Grinder (1 damage)
             ... on level 3 of the Dungeon.
             The game lasted 00:01:02 (1416 turns).

qw the Chopper (Gargoyle Fighter)                   Turns: 1416, Time: 00:01:02

Health: 0/28       AC: 11    Str: 28    XL:     4   Next: 61%
Magic:  0/0        EV:  9    Int:  8    God:
Gold:   94         SH:  4    Dex:  9    Spells: 3/3 levels left

rFire   . . .        Y - +0 war axe (freeze)
rCold   . . .        c - +0 buckler
rNeg    + + .        b - +0 scale mail
rPois   inf          (no helmet)
rElec   +            (no cloak)
rCorr   +            (no gloves)
SInv    .            h - +0 pair of boots
Will    +....        (no amulet) Stlth
                     f - ring of resist corrosion
HPRegen 0.24/turn    a - ring "Ysouzon" {Fly rN+ Will+ MP-9 Str+6}
MPRegen 0.07/turn

%: no passive effects
@: flying
A: sickness immunity, AC +3, negative energy resistance 1, electricity
resistance, torment resistance 1, petrification resistance
a: no special abilities


You were on level 3 of the Dungeon.
You visited 1 branch of the dungeon, and saw 3 of its levels.

You collected 94 gold pieces.


Innate Abilities, Weirdness & Mutations

You are immune to sickness and miasma.
Your stone body is resilient. (AC +3)
You are immune to poison.
You resist negative energy. (rN+)
You are resistant to electric shocks. (rElec)
You are resistant to unholy torment.
You are immune to petrification.


   Skills:
 - Level 3.2 Fighting
 + Level 4.2 Axes
 - Level 3.2 Armour
 - Level 3.2 Shields


You had 3 spell levels left.
You didn't know any spells.
Your spell library was empty.

Inventory:

Hand Weapons
 j - a +0 mace
 Y - a +0 war axe of freezing (weapon)
Armour
 b - a +0 scale mail (worn)
 c - a +0 buckler (worn)
 h - a +0 pair of boots (worn)
Jewellery
 a - the ring "Ysouzon" (right hand) {Fly rN+ Will+ MP-9 Str+6}
   (You acquired it on level 1 of the Dungeon)

   [ring of strength]

   Str:       It affects your strength (+6).
   rN:        It protects you from negative energy.
   MP:        It affects your magic capacity (-9).
   Fly:       It grants you flight.
   Will:      It increases your willpower.
 f - a ring of resist corrosion (left hand)
 k - a ring of resist corrosion
Potions
 d - a potion of might
 e - a potion of curing {unknown}
 g - a potion of resistance {unknown}
 n - a potion of ambrosia {unknown}

Dungeon Overview and Level Annotations

Branches:
Dungeon (3/15)

Altars:

Annotations:
D:3 Grinder


Message History

Grinder says, "Wait up."
Grinder gestures at you. Pain shoots through your body!
You barely miss Grinder.
Grinder is moderately wounded.
Grinder hits you but does no damage.
You hit Grinder.
Grinder is heavily wounded.
You block Grinder's attack.
Something unseen opens the door.
You closely miss Grinder.
Grinder is heavily wounded.
Grinder gestures at you.
You are unaffected.
A kobold comes into view.
It is wielding a +0 short sword of draining.
Grinder hits you but does no damage.
The kobold moves out of view.
You barely miss Grinder.
Grinder is heavily wounded.
Grinder hits you.
You barely miss Grinder.
Grinder is heavily wounded.
Grinder blinks!
You barely miss Grinder.
Grinder is heavily wounded.
Grinder hits you. Grinder gestures at you.
You suddenly lose the ability to move!
Grinder hits you but does no damage. Grinder hits you!
You writhe in agony.
Grinder completely misses you.
You can move again.
You barely miss Grinder.
Grinder is heavily wounded.
Grinder hits you but does no damage.
You closely miss Grinder.
Grinder is heavily wounded.
Grinder hits you but does no damage.
You closely miss Grinder.
Grinder is heavily wounded.
You block Grinder's attack. Grinder hits you.
You writhe in agony.
You die...

#.##........ ...## ###
#.##......# ..
>.###........######.#
.......#.....##.....#
..####.#.....##.....##
..#
#.########..^...###
### #.#
######........# #_#
#....#........# #.#
#'##.#.@..#'#.# #
#.###.##...5.## .. #
..##...###..## #. ##
#.....##'## .#
##...##... .#
##.##$.... +#
#'+....... .##
##.##.....## ..##
##...##...##


You could see Grinder.

Vanquished Creatures
  A hound (D:3)
  An adder (D:3)
  A dart slug (D:1)
  4 bats
  6 endoplasms
  3 giant cockroaches
  A goblin (D:3)
  5 hobgoblins
  5 jackals
  2 quokkas (D:2)
  3 ball pythons
  5 frilled lizards
  4 kobolds
  8 rats
49 creatures vanquished.

Notes
Turn   | Place    | Note
-------+----------+-------------------------------------------
     0 | D:1      | qw the Gargoyle Fighter began the quest for the Orb.
     0 | D:1      | Reached XP level 1. HP: 14/14 MP: 1/1
     0 | D:1      | 0 ||| qw: Version: 0.2-a-103-g5a998e5
     0 | D:1      | 0 ||| qw: Game counter: 1003
     0 | D:1      | 0 ||| qw: Always use a shield: true
     0 | D:1      | 0 ||| qw: God list: Okawaru
     0 | D:1      | 0 ||| qw: Allow faded altars: false
     0 | D:1      | 0 ||| qw: Do Orc after D:15 true
     0 | D:1      | 0 ||| qw: Do second Lair branch before Depths: true
     0 | D:1      | 0 ||| qw: Lair rune preference: random
     0 | D:1      | 0 ||| qw: Plans: Normal, Zot:1-4, Slime:5, God:TSO, Crypt,
                  | Tomb, Pan, Hells, Abyss, Win
     0 | D:1      | 0 ||| PLANNING D:1-11
    29 | D:1      | Reached skill level 2 in Axes
   117 | D:1      | Reached XP level 2. HP: 19/19 MP: 2/2
   279 | D:1      | 279 ||| Stepping ~*~*~tactically~*~*~ (hiding).
   308 | D:1      | 308 ||| Stepping ~*~*~tactically~*~*~ (hiding).
   309 | D:1      | 309 ||| Stepping ~*~*~tactically~*~*~ (hiding).
   311 | D:1      | 311 ||| Stepping ~*~*~tactically~*~*~ (hiding).
   312 | D:1      | 312 ||| Stepping ~*~*~tactically~*~*~ (hiding).
   313 | D:1      | 313 ||| Stepping ~*~*~tactically~*~*~ (hiding).
   314 | D:1      | 314 ||| Stepping ~*~*~tactically~*~*~ (hiding).
   520 | D:1      | 520 ||| UPGRADING to ring of resist corrosion.
   521 | D:1      | 521 ||| READING scroll labelled NISCHUO RUOLE.
   521 | D:1      | Identified a scroll of acquirement
   521 | D:1      | 521 ||| ACQUIRING ring "Ysouzon" {Fly rN+ Will+ MP-9 Str+6}
   521 | D:1      | Acquired the ring "Ysouzon" {Fly rN+ Will+ MP-9 Str+6}
   523 | D:1      | 523 ||| UPGRADING to ring "Ysouzon" {Fly rN+ Will+ MP-9
                  | Str+6}.
   524 | D:1      | 524 ||| READING scroll labelled GUWIUT HO YCOLAH.
   525 | D:1      | 525 ||| READING scroll labelled UREPTI TURIKH.
   579 | D:2      | Reached skill level 3 in Axes
   614 | D:2      | Reached XP level 3. HP: 23/23 MP: 0/3
   646 | D:2      | 646 ||| Stepping ~*~*~tactically~*~*~ (stealth).
   823 | D:2      | 823 ||| Stepping ~*~*~tactically~*~*~ (stealth).
  1163 | D:2      | 1163 ||| UPGRADING to +0 pair of boots.
  1168 | D:2      | 1168 ||| READING 2 scrolls labelled IFUVUAS OHULUO.
  1169 | D:2      | 1169 ||| READING scroll labelled QIRAKY BUADIXAM.
  1170 | D:2      | 1170 ||| DRINKING 2 white potions.
  1171 | D:2      | 1171 ||| DROPPING potion of flight.
  1172 | D:2      | 1172 ||| DROPPING scroll of blinking.
  1220 | D:3      | Reached XP level 4. HP: 27/28 MP: 0/4
  1221 | D:3      | 1221 ||| Stepping ~*~*~tactically~*~*~ (hiding).
  1222 | D:3      | 1222 ||| Stepping ~*~*~tactically~*~*~ (hiding).
  1224 | D:3      | 1224 ||| Stepping ~*~*~tactically~*~*~ (hiding).
  1225 | D:3      | 1225 ||| Stepping ~*~*~tactically~*~*~ (hiding).
  1261 | D:3      | Found a faded altar of an unknown god.
  1292 | D:3      | Reached skill level 4 in Axes
  1389 | D:3      | Noticed Grinder
  1410 | D:3      | Paralysed by Grinder for 4 turns
  1412 | D:3      | HP: 4/28 [Grinder (8)]
  1416 | D:3      | HP: 1/28 [Grinder (3)]
  1416 | D:3      | Slain by Grinder

Levels and vault maps discovered:
D:1:      shiori_shiawase, layout_rooms
D:2:      layout_basic, kennysheep_generic_room_14
D:3:      layout_rooms, mainiacjoe_overflow_swirl, basic_ecumenical_altar,
          nicolae_hexahallways, uniq_grinder, uniq_sigmund

Skill      XL: |  1  2  3  4 |
---------------+-------------+-----
Axes           | 2 3 4 |  4.2
Fighting       | |  3.2
Armour         | |  3.2
Shields        | |  3.2

Action                     |  1- 3 |  4- 6 || total
---------------------------+-------+-------++-------
  Melee: War axe           |   136 |    33 ||   169
    Use: Scroll            |     5 |       ||     5
         Potion            |     1 |       ||     1
 Armour: Scale mail        |    85 |    19 ||   104
  Dodge: Dodged            |    57 |     6 ||    63
  Block: Buckler           |    19 |     5 ||    24

Table legend:
 A = Non-vault XP
 B = Vault XP
 C = Vault XP percentage of total XP
 D = Non-vault monster count
 E = Vault monster count
 F = Vault count percentage of total count
                 A         B        C        D         E       F
            +---------+---------+-------+---------+---------+-------
      Total |     133 |       0 |   0.0 |      49 |       0 |   0.0
            +---------+---------+-------+---------+---------+-------
        D:1 |      26 |       0 |   0.0 |      17 |       0 |   0.0
        D:2 |      39 |       0 |   0.0 |      23 |       0 |   0.0
        D:3 |      68 |       0 |   0.0 |       9 |       0 |   0.0
            +---------+---------+-------+---------+---------+-------
